 Dungeon Crawl Stone Soup version 0.30-a0-634-g8abc85282e (webtiles) character file.

Game seed: 3376846825756186533

22785 NinjaNoafa the Martial Artist (level 13, -2/148 HPs)
             Began as a Gnoll Transmuter on Jan 13, 2023.
             Was a High Priest of Cheibriados.
             Slain by an eight-headed hydra (11 damage)
             ... on level 5 of the Lair of Beasts on Jan 14, 2023.
             The game lasted 00:42:21 (14360 turns).

NinjaNoafa the Martial Artist (Gnoll Transmuter)   Turns: 14360, Time: 00:42:21

Health: -2/148     AC: 26    Str: 22    XL:     13   Next: 2%
Magic:  2/26       EV:  2    Int: 41    God:    Cheibriados [*****.]
Gold:   975        SH: 12    Dex: 25    Spells: 4/31 levels left

rFire   . . .      SeeInvis .      - Unarmed
rCold   . . .      Faith    .    g - +0 buckler
rNeg    + . .      Spirit   .    (body armour currently unavailable)
rPois   +          Reflect  +    (helmet currently unavailable)
rElec   .          Harm     .    (cloak currently unavailable)
rCorr   .          Rampage  .    (gloves currently unavailable)
Will    .....      NoTele   +    (boots currently unavailable)
Stlth   ++++                     q - amulet of Hanugu {Reflect rN+ SH+5}
HPRegen 0.44/turn                E - +6 ring of intelligence
MPRegen 0.20/turn                p - +6 ring of intelligence

@: tree-form, wereblooded, very slow
A: stationary, stasis, torment immunity, boosted hp, (fangs 1), strong nose,
distributed training
a: Renounce Religion, Bend Time, Temporal Distortion, Slouch, Step From Time


You were on level 5 of the Lair of Beasts.
You worshipped Cheibriados.
Cheibriados was extremely pleased with you.
You were a tree.
You visited 3 branches of the dungeon, and saw 15 of its levels.
You also visited: Ossuary and Bailey.

You collected 975 gold pieces.

Inventory:

Hand Weapons
 n - the +6 whip of Zin's Generosity {venom, *Corrode Str+5 Dex+3}
   (You found it on level 7 of the Dungeon)

   Str:       It affects your strength (+5).
   Dex:       It affects your dexterity (+3).
   *Corrode:  It may corrode you when you take damage.
 y - the +5 whip of Lust {elec, rC+ Str+3}
   (You found it on level 8 of the Dungeon)

   Str:       It affects your strength (+3).
   rC:        It protects you from cold.
Missiles
 a - a throwing net
 A - 15 boomerangs
 F - 5 poisoned darts
 P - 6 javelins
Armour
 c - a +0 cloak (melded)
 g - a +0 buckler (worn)
 t - a +0 helmet (melded)
 C - +0 steam dragon scales (melded)
Magical Staves
 D - a staff of air
Jewellery
 p - a +6 ring of intelligence (right branch)
 q - the amulet of Hanugu (around neck) {Reflect rN+ SH+5}
   (You found it on level 2 of the Dungeon)

   [amulet of reflection]

   It reflects blocked missile attacks.
   rN:        It protects you from negative energy.
   SH:        It affects your SH (+5).
 E - a +6 ring of intelligence (left branch)
 H - a ring of poison resistance
Wands
 J - a wand of charming (15)
 K - a wand of quicksilver (4)
 M - a wand of digging (12)
 O - a wand of flame (12)
 Q - a wand of roots (6)
 R - a wand of mindburst (4)
Scrolls
 f - 2 scrolls of noise
 i - 2 scrolls of immolation {unknown}
 j - a scroll of summoning {unknown}
 k - 2 scrolls of silence
 l - 6 scrolls of fog
 m - a scroll of vulnerability {unknown}
 o - a scroll of magic mapping
 r - a scroll of blinking {unknown}
 v - 9 scrolls of teleportation
 x - a scroll of acquirement {unknown}
 I - 2 scrolls of brand weapon {unknown}
Potions
 b - 5 potions of lignification
 d - 2 potions of ambrosia
 e - a potion of might
 h - 7 potions of curing
 s - 2 potions of flight {unknown}
 w - 2 potions of berserk rage {unknown}
 z - a potion of attraction {unknown}
 B - 2 potions of cancellation
 L - a potion of invisibility {unknown}
 N - a potion of brilliance {unknown}
Miscellaneous
 S - a phantom mirror (inert)


   Skills:
 + Level 8.6 Fighting
 + Level 8.1 Short Blades
 + Level 8.1 Long Blades
 + Level 8.1 Axes
 + Level 8.1 Maces & Flails
 + Level 8.1 Polearms
 + Level 8.1 Staves
 + Level 8.1 Ranged Weapons
 + Level 8.1 Throwing
 + Level 8.1 Armour
 + Level 9.4 Dodging
 + Level 8.1 Stealth
 + Level 8.1 Shields
 + Level 10.5 Unarmed Combat
 + Level 9.6 Spellcasting
 + Level 6.7 Conjurations
 + Level 6.7 Hexes
 + Level 6.7 Summonings
 + Level 6.7 Necromancy
 + Level 6.7 Translocations
 + Level 7.8 Transmutations
 + Level 6.7 Fire Magic
 + Level 6.7 Ice Magic
 + Level 6.7 Air Magic
 + Level 6.7 Earth Magic
 + Level 6.7 Poison Magic
 + Level 8.9 Invocations
 + Level 8.1 Evocations


You had 4 spell levels left.
You knew the following spells:

 Your Spells              Type           Power      Damage    Failure   Level
a - Manifold Assault      Tloc           66%        N/A       1%          4
b - Wereblood             Tmut           71%        N/A       1%          2
c - Spider Form           Tmut/Pois      68%        N/A       1%          3
d - Vhi's Electric Charg  Tloc/Air       100%       N/A       1%          3
e - Anguish               Hex/Necr       33%        N/A       1%          4
f - Call Imp              Summ           66%        N/A       1%          2
g - Mephitic Cloud        Conj/Pois/Air  66%        N/A       1%          3
h - Ice Form              Ice/Tmut       68%        N/A       1%          4
i - Passwall              Tmut/Erth      56%        N/A       1%          2

Your spell library contained the following spells:

 Spells                   Type           Power      Damage    Failure   Level
 Beastly Appendage        Tmut           100%       N/A       1%          1
 Magic Dart               Conj           100%       1d8       1%          1
 Ensorcelled Hibernation  Hex/Ice        100%       N/A       1%          2
 Momentum Strike          Conj/Tloc      100%       3d10      1%          2
 Summon Guardian Golem    Hex/Summ       66%        N/A       1%          3
 Swiftness                Air            66%        N/A       1%          3
 Vampiric Draining        Necr           66%        2d10      1%          3
 Airstrike                Air            33%        2d(5-21)  1%          4
 Summon Lightning Spire   Summ/Air       66%        N/A       1%          4
 Lightning Bolt           Conj/Air       33%        1d50      3%          5
 Enfeeble                 Hex            33%        N/A       73%         7
 Orb of Destruction       Conj           33%        9d10      73%         7
 Spellforged Servitor     Conj/Summ      33%        N/A       73%         7


Dungeon Overview and Level Annotations

Branches:
Dungeon (10/15)            Temple (1/1) D:6            Lair (3/5) D:8
 Spider (0/4) Lair:2        Slime (0/5) Lair:5      Ossuary (visited)
 Bailey (visited)
  Swamp: Lair:2-3    Shoals: Lair:2-3       Orc: D:9-12

Altars:
Ashenzari
Cheibriados
Dithmenos
Elyvilon
Fedhas
Gozag
Hepliaklqana
Makhleb
Nemelex Xobeh
Okawaru
Qazlal
Ru
Sif Muna
Trog
Uskayaw
Vehumet
Wu Jian
Yredelemnul
Zin
The Shining One

Shops:
D:5 [

Annotations:
D:7 2 transporters, testman's ghost, novice FoFi


Innate Abilities, Weirdness & Mutations

You are a tree.
Your roots penetrate the ground, keeping you stationary.
You cannot be teleported.
You are immune to unholy pain and torment.
Your maximum health is greatly increased.
Your equipment is partially melded.
((You have very sharp teeth.))
Your uncanny sense of smell can sniff out nearby items.
Your experience applies equally to all skills.


Message History

The elephant trunk-slaps you but does no damage.
The elephant tramples you but does no damage.
The elephant barely misses you. The hell rat barely misses you.
You pummel the hell rat!!
You feel a bit better.
You kill the hell rat!
Cheibriados appreciates the change of pace.
You creak as the wereblood boils in your veins!
You block the eight-headed hydra's attack.
The eight-headed hydra bites you.
* * * LOW HITPOINT WARNING * * *
You block the eight-headed hydra's attack. x2
The eight-headed hydra barely misses you.
The eight-headed hydra bites you.
* * * LOW HITPOINT WARNING * * *
The eight-headed hydra bites you but does no damage. x2
The elephant tramples you but does no damage.
The elephant trunk-slaps you but does no damage.
The elephant tramples you!
* * * LOW HITPOINT WARNING * * *
The elephant trunk-slaps you but does no damage.
Aiming: Phantom Mirror
Press: ? - help, Dir - move target, f - eight-headed hydra
Aim: an eight-headed hydra You reflect the eight-headed hydra with the mirror!
The mirror clouds!
Your eight-headed hydra bites the elephant.
Your eight-headed hydra bites the elephant but does no damage. x3
Your eight-headed hydra barely misses the elephant.
Your eight-headed hydra bites the elephant.
Your eight-headed hydra bites the elephant but does no damage.
Your eight-headed hydra bites the elephant.
You block the eight-headed hydra's attack.
The eight-headed hydra bites you.
* * * LOW HITPOINT WARNING * * *
You block the eight-headed hydra's attack.
The eight-headed hydra bites you.
* * * LOW HITPOINT WARNING * * *
The eight-headed hydra bites you but does no damage. x2
The eight-headed hydra bites you!
You die...

,,,,***,******,*****,,***** *,,,,
*,*****,,** #..,* *,,,P# **,**
*,* *,,*,* #.l,* *,,.P# **,*
,,****,,*,*##..***###.#* ****
,,,,,,,,.#*#...###P#..##******,**
,,,,*,,,..##.....#......*,**,,*,,
,,,***,,..............,,,,,,,,,,,
*,,,*,,,...........#*,,,,,,,,,,,,
*,,****,........♣..#*,,,,,,,,,,,,
,,*** *,.......DYY.#***.,,,,,,,,,
,,,,***,....$.<.D.####..,,,,,,,,,
*,,*,*,,.........S#P....,,,,,,,,,
,,,,,,,,...............S,,,,,,,,,
,,,,,,,,##.P......P...P#,*,*,,,*,
,,*****,,###...P....####*********
,,,* *,,***#####..### ****
,,,****,,,* ##....## *,,*****


You could see an eight-headed hydra, 2 elephants, a komodo dragon, a water
moccasin and a friendly eight-headed hydra (summoned, drained).

Vanquished Creatures
  A hydra (Lair:5)
  A vault guard (Bailey)
  A boulder beetle (Lair:2)
  2 two-headed ogres (D:9)
  An ugly thing (D:7)
  A cyclops (D:7)
  5 black mambas
  Maggie (D:6)
  4 cane toads
  A kobold demonologist (D:9)
  2 komodo dragons
  A rime drake (Lair:3)
  A troll (D:10)
  Prince Ribbit (Bailey)
  A shadow (D:7)
  23 yaks
  A wraith (D:9)
  6 wyverns
  A human (Bailey)
  4 basilisks
  3 steam dragons
  8 water moccasins
  2 sky beasts (D:8)
  5 black bears
  3 orc warriors
  4 ice beasts (D:7)
  An ogre (D:5)
  A centaur (D:9)
  A phantom (D:5)
  2 kobold brigands
  Blork the orc (D:5)
  9 bullfrogs
  A necrophage (D:4)
  12 scorpions
  A wight (D:7)
  5 killer bees
  A howler monkey (D:7)
  2 gnoll boudas
  A jelly (D:7)
  7 orc priests
  Crazy Yiuf (D:2)
  8 hounds
  Jessica (D:2)
  4 iguanas
  8 orc wizards
  3 hell rats (Lair:5)
  8 mummies (Ossuary)
  5 gnolls (D:5)
  2 adders
  3 shadow imps
  2 white imps
  A worm (Lair:2)
  5 dart slugs
  40 orcs
  4 endoplasms
  6 giant cockroaches
  18 goblins
  7 hobgoblins
  2 quokkas
  2 ball pythons (D:2)
  2 bats (D:2)
  4 frilled lizards (D:1)
  2 hobgoblin zombies (Ossuary)
  9 kobolds
  5 kobold zombies (Ossuary)
  An orc zombie (Ossuary)
  3 rats
285 creatures vanquished.

Vanquished Creatures (collateral kills)
  2 yaks (D:9)
  A human (Bailey)
  A bullfrog (Bailey)
4 creatures vanquished.

Vanquished Creatures (others)
  A vault guard (Bailey)
  An elephant (Lair:5)
  A cane toad (Lair:3)
  A komodo dragon (Lair:2)
  A troll (D:9)
  6 yaks
  A wyvern (D:8)
  A scorpion (Lair:2)
  A bullfrog (Bailey)
  2 killer bees (D:8)
  An orc priest (D:10)
  2 orc wizards (D:9)
  A hell rat (Lair:5)
  10 fungi
  25 plants
55 creatures vanquished.

Grand Total: 344 creatures vanquished

Notes
Turn   | Place    | Note
-------+----------+-------------------------------------------
     0 | D:1      | NinjaNoafa the Gnoll Transmuter began the quest for the
                  | Orb.
     0 | D:1      | Reached XP level 1. HP: 17/17 MP: 6/6
   478 | D:1      | Reached XP level 2. HP: 23/23 MP: 5/7
   481 | D:1      | Learned a level 2 spell: Wereblood
  1058 | D:2      | Noticed Jessica
  1063 | D:2      | Killed Jessica
  1064 | D:2      | Reached skill level 5 in Spellcasting
  1064 | D:2      | Reached skill level 1 in Invocations
  1064 | D:2      | Reached XP level 3. HP: 28/28 MP: 6/9
  1182 | D:2      | Reached skill level 1 in Short Blades
  1182 | D:2      | Reached skill level 1 in Long Blades
  1182 | D:2      | Reached skill level 1 in Axes
  1182 | D:2      | Reached skill level 1 in Maces & Flails
  1182 | D:2      | Reached skill level 1 in Polearms
  1182 | D:2      | Reached skill level 1 in Staves
  1182 | D:2      | Reached skill level 1 in Ranged Weapons
  1182 | D:2      | Reached skill level 1 in Throwing
  1182 | D:2      | Reached skill level 1 in Armour
  1182 | D:2      | Reached skill level 1 in Stealth
  1182 | D:2      | Reached skill level 1 in Shields
  1182 | D:2      | Reached skill level 1 in Evocations
  1285 | D:2      | Found a sparkling altar of Nemelex Xobeh.
  1440 | D:2      | Reached XP level 4. HP: 18/34 MP: 8/11
  1688 | D:2      | Found a runed translucent door.
  1689 | D:2      | Noticed Crazy Yiuf
  1775 | D:2      | Identified the amulet of Hanugu {Reflect rN+ SH+5}
  2098 | D:3      | Found a faded altar of an unknown god.
  2234 | D:3      | Reached skill level 1 in Conjurations
  2234 | D:3      | Reached skill level 1 in Hexes
  2234 | D:3      | Reached skill level 1 in Summonings
  2234 | D:3      | Reached skill level 1 in Necromancy
  2234 | D:3      | Reached skill level 1 in Translocations
  2234 | D:3      | Reached skill level 1 in Fire Magic
  2234 | D:3      | Reached skill level 1 in Ice Magic
  2234 | D:3      | Reached skill level 1 in Air Magic
  2234 | D:3      | Reached skill level 1 in Earth Magic
  2234 | D:3      | Reached skill level 1 in Poison Magic
  2400 | D:4      | Noticed a necrophage
  2408 | D:4      | Killed a necrophage
  2409 | D:4      | Reached XP level 5. HP: 41/41 MP: 8/12
  2560 | D:4      | Learned a level 3 spell: Spider Form
  2675 | D:4      | Reached skill level 5 in Dodging
  2675 | D:4      | Reached XP level 6. HP: 40/47 MP: 12/14
  2756 | D:4      | You fall into a shaft and drop 1 floor!
  2756 | D:5      | Entered Level 5 of the Dungeon
  2785 | D:5      | Found a sand-covered staircase.
  2823 | Ossuary  | Entered an ossuary
  2917 | Ossuary  | Reached skill level 7 in Unarmed Combat
  2917 | Ossuary  | Reached XP level 7. HP: 52/52 MP: 10/15
  3259 | D:5      | Learned a level 2 spell: Passwall
  3282 | D:5      | Learned a level 2 spell: Ensorcelled Hibernation
  3300 | D:5      | Reached XP level 8. HP: 40/60 MP: 6/16
  3582 | D:5      | Upgraded the game from 0.30-a0-632-g346586fe48 to
                  | 0.30-a0-634-g8abc85282e
  3919 | D:2      | Killed Crazy Yiuf
  4633 | D:5      | Noticed Blork the orc
  4639 | D:5      | Killed Blork the orc
  4693 | D:5      | Reached skill level 5 in Transmutations
  4778 | D:5      | Found Aqeuh's Antique Armour Emporium.
  4790 | D:5      | Learned a level 2 spell: Call Imp
  4794 | D:5      | Learned a level 3 spell: Mephitic Cloud
  4799 | D:5      | Learned a level 4 spell: Ice Form
  5216 | D:6      | Noticed Maggie
  5227 | D:5      | Reached XP level 9. HP: 28/66 MP: 9/18
  5263 | D:5      | Learned a level 3 spell: Swiftness
  5590 | D:6      | Killed Maggie
  5591 | D:6      | Reached skill level 5 in Fighting
  5804 | D:6      | Reached skill level 8 in Unarmed Combat
  5871 | D:6      | Found a staircase to the Ecumenical Temple.
  5977 | Temple   | Entered the Ecumenical Temple
  6231 | Temple   | Became a worshipper of Cheibriados the Contemplative
  6665 | D:7      | Noticed a moth of wrath
  6669 | D:7      | Found a large runed translucent door.
  6670 | D:7      | Found a large runed translucent door.
  6675 | D:7      | Found a large runed translucent door.
  6675 | D:7      | Found a large runed translucent door.
  6677 | D:7      | Noticed a cyclops
  6694 | D:7      | Reached skill level 5 in Invocations
  6698 | D:7      | Killed a cyclops
  6701 | D:7      | Identified the +6 whip of Zin's Generosity {venom, *Corrode
                  | Str+5 Dex+3}
  6947 | D:7      | Reached skill level 5 in Short Blades
  6947 | D:7      | Reached skill level 5 in Long Blades
  6947 | D:7      | Reached skill level 5 in Axes
  6947 | D:7      | Reached skill level 5 in Maces & Flails
  6947 | D:7      | Reached skill level 5 in Polearms
  6947 | D:7      | Reached skill level 5 in Staves
  6947 | D:7      | Reached skill level 5 in Ranged Weapons
  6947 | D:7      | Reached skill level 5 in Throwing
  6947 | D:7      | Reached skill level 5 in Armour
  6947 | D:7      | Reached skill level 5 in Stealth
  6947 | D:7      | Reached skill level 5 in Shields
  6947 | D:7      | Reached skill level 5 in Evocations
  6947 | D:7      | Reached XP level 10. HP: 68/76 MP: 18/20
  7044 | D:7      | Noticed a white ugly thing
  7059 | D:7      | Killed a white ugly thing
  7217 | D:7      | Found a bloodstained altar of Trog.
  7219 | D:7      | Noticed testman's ghost (novice FoFi)
  7224 | D:7      | Found a transporter.
  7476 | D:7      | Found a transporter.
  7605 | D:7      | Reached * piety under Cheibriados
  8284 | D:7      | Learned a level 4 spell: Anguish
  8472 | D:8      | Found a staircase to the Lair.
  8603 | D:8      | Reached ** piety under Cheibriados
  8604 | D:8      | Reached skill level 9 in Unarmed Combat
  8693 | D:8      | Reached skill level 5 in Conjurations
  8693 | D:8      | Reached skill level 5 in Hexes
  8693 | D:8      | Reached skill level 5 in Summonings
  8693 | D:8      | Reached skill level 5 in Necromancy
  8693 | D:8      | Reached skill level 5 in Translocations
  8693 | D:8      | Reached skill level 5 in Fire Magic
  8693 | D:8      | Reached skill level 5 in Ice Magic
  8693 | D:8      | Reached skill level 5 in Air Magic
  8693 | D:8      | Reached skill level 5 in Earth Magic
  8693 | D:8      | Reached skill level 5 in Poison Magic
  8696 | D:8      | Reached XP level 11. HP: 83/83 MP: 10/22
  9046 | D:8      | Identified the +5 whip of Lust {elec, rC+ Str+3}
  9499 | D:9      | Reached *** piety under Cheibriados
  9508 | D:9      | Noticed a two-headed ogre
  9514 | D:9      | Killed a two-headed ogre
  9550 | D:9      | Found a flagged portal.
  9568 | Bailey   | Entered a bailey
  9787 | Bailey   | Noticed Prince Ribbit
  9787 | Bailey   | Noticed a vault guard
  9796 | Bailey   | Killed Prince Ribbit
  9804 | Bailey   | Killed a vault guard
  9888 | Bailey   | Noticed a vault guard
  9901 | Bailey   | Killed a vault guard
 10026 | D:9      | Noticed a two-headed ogre
 10038 | D:9      | Reached **** piety under Cheibriados
 10041 | D:9      | Killed a two-headed ogre
 10506 | D:9      | Got the Folio of Resurrection and Location
 10689 | D:9      | Reached XP level 12. HP: 66/91 MP: 12/24
 10963 | D:9      | Learned a level 4 spell: Manifold Assault
 10967 | D:9      | Learned a level 3 spell: Vhi's Electric Charge
 11124 | D:10     | Entered Level 10 of the Dungeon
 11371 | Lair:1   | Entered Level 1 of the Lair of Beasts
 11611 | Lair:1   | Reached ***** piety under Cheibriados
 11908 | Lair:1   | Reached skill level 10 in Unarmed Combat
 12888 | Lair:2   | Found a hole to the Spider Nest.
 13165 | Lair:2   | Noticed a boulder beetle
 13178 | Lair:2   | Killed a boulder beetle
 14312 | Lair:3   | You fall into a shaft and drop 2 floors!
 14312 | Lair:5   | Entered Level 5 of the Lair of Beasts
 14325 | Lair:5   | Noticed a five-headed hydra
 14331 | Lair:5   | Noticed an eight-headed hydra
 14333 | Lair:5   | Killed a five-headed hydra
 14350 | Lair:5   | Reached XP level 13. HP: 31/99 MP: 5/26
 14352 | Lair:5   | HP: 1/99 [eight-headed hydra (10)]
 14360 | Lair:5   | Slain by an eight-headed hydra

Illustrated notes

Levels and vault maps discovered:
D:1:      eino_arrival_water_star, layout_loops_corners, grunt_decor_fettered,
          serial_bayou_lagoon_b
D:2:      layout_basic, basic_altar, uniq_crazy_yiuf_cottage, uniq_jessica
D:3:      layout_basic, ebering_ecumenical_altar_webs
D:4:      layout_basic, serial_bayou_pond_d, kennysheep_flooded_box
D:5:      cheibrodos_barr_body, layout_gridville, enter_ossuary_2, serial_shops,
          nicolae_shop_statue_plus, uniq_blork_the_orc
D:6:      layout_basic, minmay_temple_entry_crystal_x, uniq_maggie
D:7:      layout_gridville, gammafunk_ghost_wrathful_warriors,
          minmay_hollow_rounded_squares
D:8:      layout_basic, minmay_lair_entry_grove
D:9:      layout_basic, enter_bailey_3, hangedman_decor_riveting
D:10:     layout_irregular_city, jmf_multi_god_temple2, minmay_misc_feat_alley,
          minivault_19
Temple:   mainiacjoe_temple_big_plus
Lair:1:   layout_cave_pods, grunt_megastairs_3
Lair:2:   layout_chaotic_city, nicolae_spider_entry_non_spiders, ldierk_geyser
Lair:3:   layout_chaotic_city, nicolae_swamp_entry_splash_gauntlet,
          serial_bayou_pond_b
Lair:5:   minmay_lair_end_enchanted_forest, layout_small_grid, slime_entry_1,
          infiniplex_staircase_pool_2

Skill      XL: |  1  2  3  4  5  6  7  8  9 10 11 12 |
---------------+-------------------------------------+-----
Spellcasting   | 5 6 7 8 9 |  9.6
Invocations    | 1 2 3 4 5 6 7 8 |  8.9
Short Blades   | 1 2 3 5 6 7 8 |  8.1
Long Blades    | 1 2 3 5 6 7 8 |  8.1
Axes           | 1 2 3 5 6 7 8 |  8.1
Maces & Flails | 1 2 3 5 6 7 8 |  8.1
Polearms       | 1 2 3 5 6 7 8 |  8.1
Staves         | 1 2 3 5 6 7 8 |  8.1
Ranged Weapons | 1 2 3 5 6 7 8 |  8.1
Throwing       | 1 2 3 5 6 7 8 |  8.1
Armour         | 1 2 3 5 6 7 8 |  8.1
Stealth        | 1 2 3 5 6 7 8 |  8.1
Shields        | 1 2 3 5 6 7 8 |  8.1
Evocations     | 1 2 3 5 6 7 8 |  8.1
Conjurations   | 1 2 3 4 5 6 |  6.7
Hexes          | 1 2 3 4 5 6 |  6.7
Summonings     | 1 2 3 4 5 6 |  6.7
Necromancy     | 1 2 3 4 5 6 |  6.7
Translocations | 1 2 3 4 5 6 |  6.7
Fire Magic     | 1 2 3 4 5 6 |  6.7
Ice Magic      | 1 2 3 4 5 6 |  6.7
Air Magic      | 1 2 3 4 5 6 |  6.7
Earth Magic    | 1 2 3 4 5 6 |  6.7
Poison Magic   | 1 2 3 4 5 6 |  6.7
Fighting       | 3 4 5 6 7 8 |  8.6
Transmutations | 4 5 6 7 |  7.8
Dodging        | 5 6 7 8 9 |  9.4
Unarmed Combat | 7 8 9 10 | 10.5

Action                   |  1- 3 |  4- 6 |  7- 9 | 10-12 | 13-15 || total
-------------------------+-------+-------+-------+-------+-------++-------
Melee: Unarmed           |    74 |   102 |   228 |   424 |     2 ||   830
       Kick              |    11 |    23 |     6 |     4 |       ||    44
       Bite              |     6 |     7 |     2 |     5 |       ||    20
       Headbutt          |     3 |    14 |       |     4 |       ||    21
       Punch             |     2 |     4 |     2 |       |       ||     8
 Cast: Beastly Appendage |    24 |    15 |     3 |     8 |       ||    50
       Wereblood         |     2 |     6 |    15 |    23 |     1 ||    47
       Spider Form       |       |     2 |    23 |     7 |       ||    32
       Ensorcelled Hiber |       |       |     4 |       |       ||     4
       Call Imp          |       |       |     4 |    15 |       ||    19
       Mephitic Cloud    |       |       |     4 |    22 |       ||    26
       Ice Form          |       |       |     3 |    38 |       ||    41
       Anguish           |       |       |       |    25 |       ||    25
       Vhi's Electric Ch |       |       |       |    17 |       ||    17
       Manifold Assault  |       |       |       |    15 |       ||    15
Invok: Bend Time         |       |       |       |       |     1 ||     1
 Abil: End Transformatio |       |       |     5 |     1 |       ||     6
Evoke: Phantom mirror    |       |       |       |     1 |     1 ||     2
       Wand              |       |       |       |     2 |       ||     2
  Use: Scroll            |       |       |    11 |     6 |       ||    17
       Potion            |       |       |     2 |     5 |     4 ||    11
 Stab: Sleeping          |     2 |     2 |     3 |       |       ||     7
       Distracted        |       |       |     1 |     3 |       ||     4
       Confused          |       |       |     1 |    10 |       ||    11
Armor: Robe              |    10 |     9 |     4 |       |       ||    23
       Skin              |       |     1 |    12 |   147 |    22 ||   182
       Steam dragon scal |       |       |       |    11 |     4 ||    15
Dodge: Dodged            |    49 |    81 |   183 |   348 |    19 ||   680
Block: Other             |       |    20 |    39 |   106 |       ||   165
       Reflection        |       |       |     1 |       |       ||     1
       Buckler           |       |       |       |    30 |    23 ||    53

Table legend: (Time is in decaauts)
 A = Elapsed time spent in this place.
 B = Non-inter-level travel time spent in this place.
 C = Inter-level travel time spent in this place.
 D = Time resting spent in this place.
 E = Time spent auto-exploring this place.
 F = Levels seen in this place.
 G = Mean time per level.
                   A        B        C        D        E       F      G
               +--------+--------+--------+--------+--------+-----+--------+
         Total |  16960 |  16189 |    771 |     11 |  13419 |  17 |  997.6 |
       Dungeon |  11392 |  10829 |    563 |     11 |   8875 |  10 | 1139.2 |
        Temple |    518 |    423 |     95 |      0 |    413 |   1 |  518.0 |
          Lair |   4231 |   4119 |    112 |      0 |   3593 |   4 | 1057.8 |
       Ossuary |    320 |    320 |      0 |      0 |    212 |   1 |  320.0 |
        Bailey |    497 |    497 |      0 |      0 |    324 |   1 |  497.0 |
               +--------+--------+--------+--------+--------+-----+--------+

Top non-repeatable levels by time:
  Lair:1: 2094 daAuts
     D:7: 1928 daAuts
     D:9: 1834 daAuts
  Lair:2: 1692 daAuts
     D:5: 1500 daAuts
     D:8: 1486 daAuts
     D:4: 1072 daAuts
     D:1: 1066 daAuts
     D:2: 924 daAuts
     D:6: 820 daAuts
  Temple: 518 daAuts
     D:3: 513 daAuts
  Bailey: 497 daAuts
  Lair:3: 378 daAuts
 Ossuary: 320 daAuts
